Map: Apotheosis LE

Players

Fropez - Winner!

  • Race: Protoss Protoss
  • League: Gold
  • Spawn Location: 5:00

Ratel

  • Race: Terran Terran
  • League: Gold
  • Spawn Location: 11:00

VOD

Have the link to the VOD?

Description

Time

  • Played on: Oct. 14, 2016, 9:21 p.m.
  • Length: 14:01
Show
View Real Time Build Order
Export as new Build Order

Fropez Protoss - Winner!

Build Orders:  

Get SALT Encoding   

  12  0:01  Probe (Chrono Boost)  
  13  0:15  Pylon  
  13  0:18  Probe (Chrono Boost)  
  14  0:29  Probe (Chrono Boost)  
  15  0:37  Gateway  
  15  0:39  Probe (Chrono Boost)  
  16  0:50  Assimilator  
  16  0:53  Probe (Chrono Boost)  
  17  1:02  Gateway  
  17  1:04  Probe (Chrono Boost)  
  18  1:14  Probe (Chrono Boost)  
  19  1:27  Cybernetics Core  
  19  1:28  Probe (Chrono Boost)  
  20  1:34  Pylon  
  20  1:39  Probe (Chrono Boost)  
  21  1:41  Assimilator  
  21  1:49  Probe (Chrono Boost)  
  22  2:00  Probe (Chrono Boost)  
  23  2:04  Adept x2  
  23  2:06  Warp Gate  
  28  2:30  Probe (Chrono Boost)  
  28  2:31  Nexus  
  28  2:52  Probe (Chrono Boost)  
  29  3:03  Mothership Core (Chrono Boost)  
  31  3:09  Pylon  
  31  3:24  Pylon x2  
  31  3:27  Adept x2, Probe (Chrono Boost)  
  36  3:38  Probe (Chrono Boost)  
  37  3:45  Probe (Chrono Boost)  
  38  3:57  Pylon  
  38  4:00  Pylon  
  38  4:03  Pylon  
  38  4:07  Gateway  
  38  4:09  Gateway  
  38  4:16  Pylon  
  38  4:17  Pylon  
  38  4:22  Pylon  
  38  4:27  Pylon  
  38  4:35  Pylon  
  38  4:36  Pylon  
  38  4:42  Probe x2 (Chrono Boost)  
  38  4:44  Pylon  
  40  4:47  Pylon  
  40  4:52  Probe (Chrono Boost)  
  41  4:54  Pylon  
  41  5:06  Gateway  
  41  5:07  Gateway x2  
  41  5:08  Gateway  
  41  5:10  Probe (Chrono Boost)  
  42  5:22  Adept  
  42  5:23  Adept x3  
  42  5:25  Probe (Chrono Boost)  
  42  5:28  Probe (Chrono Boost)  
  48  5:45  Stalker  
  48  5:46  Stalker x2  
  52  5:50  Stalker  
  49  6:12  Stalker x3  
  49  6:18  Probe x2 (Chrono Boost)  
  57  6:21  Assimilator  
  57  6:27  Assimilator  
  57  6:28  Probe (Chrono Boost)  
  56  6:48  Adept x5  
  64  6:58  Probe x2 (Chrono Boost)  
  66  7:14  Stalker x3  
  66  7:15  Stalker  
  74  7:26  Twilight Council  
  74  7:29  Probe (Chrono Boost)  
  75  7:30  Probe (Chrono Boost)  
  74  8:03  Stalker x3  
  74  8:04  Stalker x3  
  84  8:08  Blink (Chrono Boost)  
  78  8:37  Dark Shrine  
  78  8:38  Forge  
  78  8:54  Nexus  
  72  9:08  Pylon  
  72  9:17  Pylon  
  72  9:18  Pylon  
  72  9:28  Probe  
  72  9:30  Probe  
  74  9:32  Pylon, Robotics Facility  
  74  9:39  Probe  
  74  9:42  Probe  
  76  9:52  Photon Cannon  
  76  9:55  Photon Cannon  
  76  10:03  Stalker x3  
  76  10:04  Stalker x3  
  88  10:10  Pylon  
  88  10:14  Probe x2  
  88  10:15  Probe  
  83  11:05  Stalker  
  83  11:06  Stalker x5  
  83  11:07  Probe, Stalker x2  
  83  11:08  Probe  
  83  11:09  Probe  
  99  11:18  Probe x2  
  99  11:21  Probe  
  99  11:23  Protoss Ground Weapons Level 1 (Chrono Boost)  
  102  11:31  Probe x2  
  104  11:52  Probe x2  
  104  11:53  Probe  
  105  12:02  Assimilator  
  105  12:05  Assimilator  
  105  12:10  Gateway  
  105  12:11  Gateway  
  105  12:14  Gateway  
  105  12:17  Pylon  
  105  12:25  Dark Templar  
  107  12:30  Dark Templar  
  107  12:35  Nexus  
  109  12:37  Pylon  
  109  12:39  Pylon  
  95  13:37  Stalker x5  
  95  13:38  Stalker x3  
Show
View Real Time Build Order
Export as new Build Order

Ratel Terran 

Build Orders: Liberator Opening, Reaper Expand 

Get SALT Encoding   

  12  0:03  SCV  
  13  0:16  SCV  
  14  0:29  Supply Depot  
  14  0:34  SCV  
  15  0:46  Refinery  
  15  0:51  SCV  
  15  0:52  Barracks  
  16  1:00  Supply Depot  
  16  1:03  SCV  
  17  1:07  Refinery  
  17  1:15  SCV  
  18  1:30  SCV  
  19  1:43  Reaper  
  21  1:47  Orbital Command  
  20  2:02  Factory  
  20  2:40  SCV, Command Center  
  21  2:51  Factory Tech Lab, Starport  
  20  2:56  Marine  
  21  3:06  SCV  
  22  3:14  Siege Tank  
  22  3:17  Marine  
  22  3:18  SCV  
  27  3:23  Liberator  
  27  3:30  SCV  
  31  3:46  Starport  
  31  3:49  Barracks  
  31  3:51  Marine, SCV  
  33  4:13  Factory Reactor  
  33  4:14  Marine  
  33  4:16  Liberator  
  34  4:18  SCV  
  34  4:21  Supply Depot  
  35  4:24  Engineering Bay  
  38  4:43  Marine x2  
  40  5:00  Marine  
  41  5:31  Liberator  
  41  5:38  Orbital Command  
  41  5:45  SCV  
  48  5:57  SCV  
  46  6:09  SCV, Command Center  
  44  6:15  Marine x2  
  44  6:33  Marine x2  
  44  6:34  Liberator x2  
  43  6:48  Banshee  
  43  6:51  Marine x2  
  48  7:09  Marine x2  
  48  7:14  Liberator  
  48  7:16  Liberator  
  48  7:17  Liberator  
  48  7:26  Marine, SCV x2  
  48  7:27  Marine  
  61  7:44  Marine x2  
  62  7:57  Liberator  
  62  8:02  Marine x2  
  64  8:12  Widow Mine  
  64  8:14  Orbital Command  
  64  8:16  Barracks  
  69  8:38  Liberator  
  69  8:49  Marine  
  69  8:57  Orbital Command  
  69  9:06  Cloaking Field  
  69  9:26  Factory Tech Lab  
  69  10:25  Marine x3, Banshee  
  69  10:27  Supply Depot x2  
  75  10:33  Refinery  
  75  10:35  Refinery  
  75  10:43  Marine x3  
  77  11:01  Marine x3  
  77  11:08  Banshee  
  71  11:19  Marine  
  72  11:30  Medivac  
  72  11:31  Medivac  
  72  11:32  Marine x2  
  78  11:37  Marine  
  79  11:49  Siege Tank, Marine  
  79  11:50  Marine  
  79  11:51  Banshee  
  86  11:54  Marine  
  86  11:59  Orbital Command  
  86  12:00  Medivac  
  88  12:07  Marine  
  88  12:08  Marine  
  90  12:12  Marine  
  91  12:24  Command Center  
  91  12:25  Marine x2  
  93  12:30  Marine  
  94  12:43  Marine x2  
  96  12:48  Marine  
  97  13:01  Marine x2  
  98  13:06  Marine  
  90  13:18  Marine  
  90  13:19  Marine  
  90  13:23  Marine  
  85  13:36  Marine  
  85  13:37  Marine  
Tags
 
Add a new tag
Caveats
  • Supply blocks, unpowered buildings, or Contaminate may cause inaccurate times.
  • Supply counts are checked every 10 seconds.